 Dungeon Crawl Stone Soup version 0.31.0-4-g52a2dc7128 (webtiles) character file.

Game seed: 4558053043603629303

4219 experimilk the Grappler (level 10, -1/163 HPs)
             Began as a Troll Gladiator on Jan 21, 2024.
             Was an Initiate of Ru.
             Succumbed to their own poison gas
             ... in a bailey.
             The game lasted 00:18:28 (5610 turns).

experimilk the Grappler (Troll Gladiator)           Turns: 5610, Time: 00:18:29

Health: -1/163     AC:  4    Str: 28    XL:     10   Next: 9%
Magic:  9/9        EV: 10    Int:  4    God:    Ru [......]
Gold:   45         SH:  0    Dex: 11    Spells: 9/9 levels left

rFire   . .          .
                       - Unarmed
rCold   . . .        (no shield)
rNeg    . . .        i - +0 robe
rPois   .            b - +0 hat
rElec   .            (no cloak)
rCorr   .            (gloves unavailable)
SInv    +            (boots unavailable)
Will    +....        G - amulet of regeneration Stlth
                     e - ring of willpower
HPRegen 2.07/turn    D - ring of see invisible
MPRegen 0.11/turn

%: no passive effects
@: berserking, lethally poisoned (-1 -> -76), very quick
A: large, unfitting armour, claws 3, regeneration 1, shaggy fur 1, tough skin 1
a: Renounce Religion


You were in a bailey.
You worshipped Ru.
Ru was noncommittal.
You visited 2 branches of the dungeon, and saw 8 of its levels.
You also visited: Bailey.

You collected 406 gold pieces.
You spent 361 gold pieces at shops.

Inventory:

Missiles
 a - 57 poisoned darts
 c - 21 boomerangs (quivered)
 g - 4 atropa-tipped darts
 q - 2 throwing nets
 x - 2 javelins
Armour
 b - a +0 hat (worn)
 i - a +0 robe (worn)
Jewellery
 e - a ring of willpower (left claw)
 l - a ring of ice
 D - a ring of see invisible (right claw)
 G - an amulet of regeneration (around neck)
Wands
 t - a wand of flame (12)
 C - a wand of mindburst (14)
 E - a wand of quicksilver (14)
Scrolls
 f - a scroll of butterflies
 k - 4 scrolls of teleportation
 m - 2 scrolls of revelation
 o - a scroll of enchant armour {unknown}
 p - 2 scrolls of silence
 r - a scroll of vulnerability {unknown}
 u - a scroll of amnesia {unknown}
 y - a scroll of blinking {unknown}
 A - a scroll of fog
 H - 3 scrolls of identify
 I - a scroll of fear
Potions
 d - a potion of brilliance
 j - a potion of resistance
 n - 4 potions of curing
 s - a potion of lignification {unknown}
 v - a potion of attraction {unknown}
 w - a potion of haste
 B - a potion of might {unknown}
 F - a potion of magic {unknown}
 J - 3 potions of heal wounds


   Skills:
 * Level 9.6 Fighting
 - Level 1.7 Throwing
 - Level 2.4 Dodging
 - Level 10.0 Unarmed Combat


You had 9 spell levels left.
You didn't know any spells.
Your spell library contained the following spells:

 Spells                   Type           Power      Damage    Failure   Level
 Leda's Liquefaction      Alch/Erth      0%         N/A       99%         4
 Lee's Rapid Deconstruct  Erth           0%         3d4*      100%        5
 Bombard                  Conj/Erth      0%         9d1       100%        6


Dungeon Overview and Level Annotations

Branches:
Dungeon (7/15)             Temple (1/1) D:6          Bailey (1/1)

Altars:
Ashenzari
Cheibriados
Dithmenos
Fedhas
Hepliaklqana
Kikubaaqudgha
Makhleb
Nemelex Xobeh
Qazlal
Ru
Sif Muna
Trog
Uskayaw
Vehumet
Xom
Yredelemnul
Zin
The Shining One

Shops:
D:3 *   D:5 :?=   D:6 *   D:7 ?


Innate Abilities, Weirdness & Mutations

You are too large for most types of armour.
You have claws for hands.
Your natural rate of healing is unusually fast.
You are covered in fur. (AC +1)
You have tough skin. (AC +1)


Message History

You are more poisoned.
You feel extremely sick.
There is an open gate, spattered with blood here.
Items here: $ (( ))) [ †.
Unknown command.
You completely miss the kobold brigand.
You are engulfed in poison gas.
You are more poisoned.
You feel extremely sick.
The kobold brigand hits you with a +0 war axe!
Unknown command.
You closely miss the kobold brigand.
You are engulfed in poison gas.
You are more poisoned.
You feel extremely sick.
Unknown command.
You completely miss the kobold brigand.
You are engulfed in poison gas.
You are more poisoned.
You feel extremely sick.
The kobold brigand hits you with a +0 war axe.
Unknown command.
You mangle the kobold brigand!!
The kobold brigand is severely wounded.
You are engulfed in poison gas.
You are lethally poisoned!
You feel extremely sick.
The kobold brigand hits you with a +0 war axe!
* * * LOW HITPOINT WARNING * * *
Unknown command.
You miss the kobold brigand.
The kobold brigand is severely wounded.
You are engulfed in poison gas.
You are more poisoned.
* * * LOW HITPOINT WARNING * * *
x2 You feel extremely sick.
Unknown command.
You mangle the kobold brigand!!
You kill the kobold brigand!
You are engulfed in poison gas.
You are more poisoned.
* * * LOW HITPOINT WARNING * * *
x2 You feel extremely sick.
You die...

#....~~.......~~....#
#.###~~.......÷~###.#
#....~~.......~~....#
#####~~..÷....~~#####
##~.°○§.○.~##
####○§○#### #§.§#
#§.§# #°§@# ##§☼§##
##☼§☼°☼## #°§☼§)☼○#
#§§°°☼°°# ##○§°.☼##
#######


There were no monsters in sight!

Vanquished Creatures
  An orc knight (Bailey)
  Pikel (D:5)
  Prince Ribbit (D:7)
  Sigmund (D:5)
  Eustachio (D:5)
  2 water moccasins
  2 orc warriors (Bailey)
  2 black bears
  10 kobold brigands
  4 bullfrogs
  3 scorpions
  A howler monkey (D:4)
  4 bombardier beetles
  5 hounds
  2 sleepcaps
  A jelly (D:3)
  4 orc priests
  6 iguanas
  Jessica (D:2)
  9 orc wizards
  3 gnolls (D:4)
  3 adders
  3 dart slugs
  5 ribbon worms
  21 orcs
  4 bats
  6 endoplasms
  3 giant cockroaches
  12 hobgoblins
  7 jackals
  24 kobolds
  2 quokkas (D:5)
  8 ball pythons
  3 frilled lizards
  10 goblins
  5 rats
180 creatures vanquished.

Notes
Turn   | Place    | Note
-------+----------+-------------------------------------------
     0 | D:1      | experimilk the Troll Gladiator began the quest for the Orb.
     0 | D:1      | Reached XP level 1. HP: 19/19 MP: 0/0
   109 | D:1      | Reached XP level 2. HP: 27/27 MP: 1/1
   534 | D:2      | Reached skill level 4 in Unarmed Combat
   816 | D:2      | Reached XP level 3. HP: 31/33 MP: 2/2
   917 | D:2      | Reached skill level 5 in Unarmed Combat
   917 | D:2      | Reached XP level 4. HP: 34/41 MP: 3/3
   963 | D:2      | Noticed Jessica
   965 | D:2      | Killed Jessica
  1337 | D:3      | Found a broken altar of Ashenzari.
  1355 | D:3      | Reached XP level 5. HP: 48/48 MP: 4/4
  1386 | D:3      | Reached skill level 6 in Unarmed Combat
  1643 | D:3      | Found Neivocat's General Store.
  1646 | D:3      | Bought a potion of haste for 110 gold pieces
  1646 | D:3      | Bought a potion of degeneration for 11 gold pieces
  1998 | D:4      | Reached skill level 7 in Unarmed Combat
  1998 | D:4      | Reached XP level 6. HP: 53/55 MP: 5/5
  2162 | D:4      | Found a basalt altar of Yredelemnul.
  2417 | D:4      | Reached skill level 8 in Unarmed Combat
  2417 | D:4      | Reached XP level 7. HP: 49/62 MP: 6/6
  2952 | D:5      | Entered Level 5 of the Dungeon
  2964 | D:5      | Noticed Eustachio
  2979 | D:5      | Killed Eustachio
  2991 | D:5      | Reached skill level 9 in Unarmed Combat
  3050 | D:5      | Found Udghoacw's Magic Scroll Shoppe.
  3061 | D:5      | Bought a scroll of teleportation for 45 gold pieces
  3061 | D:5      | Bought a scroll of identify for 30 gold pieces
  3061 | D:5      | Bought a scroll of identify for 30 gold pieces
  3171 | D:5      | Reached XP level 8. HP: 70/70 MP: 7/7
  3199 | D:5      | Found Vuhanien's Book Emporium.
  3202 | D:5      | Noticed Pikel
  3264 | D:5      | Noticed Sigmund
  3276 | D:5      | Reached skill level 10 in Unarmed Combat
  3514 | D:5      | Found Moucahya's Jewellery Shoppe.
  3519 | D:5      | Killed Sigmund
  3555 | D:5      | Killed Pikel
  3556 | D:5      | Reached skill level 5 in Fighting
  3798 | D:5      | Found a glowing golden altar of the Shining One.
  4015 | D:6      | Reached XP level 9. HP: 89/89 MP: 8/8
  4144 | D:6      | Found a staircase to the Ecumenical Temple.
  4268 | Temple   | Entered the Ecumenical Temple
  4284 | Temple   | Became a worshipper of Ru the Awakened
  4453 | D:6      | Found Kaggiaxt's CLEARANCE SALE!.
  4461 | D:6      | Bought a potion of curing for 18 gold pieces
  4802 | D:7      | Found a radiant altar of Vehumet.
  4988 | D:7      | Found Jaydopp's Magic Scroll Emporium.
  4991 | D:7      | Bought a scroll of identify for 26 gold pieces
  4991 | D:7      | Bought a scroll of teleportation for 39 gold pieces
  4991 | D:7      | Bought a scroll of fear for 52 gold pieces
  5020 | D:7      | Found a blossoming altar of Fedhas.
  5020 | D:7      | Noticed Prince Ribbit
  5032 | D:7      | Killed Prince Ribbit
  5085 | D:7      | Found a flagged portal.
  5109 | Bailey   | Entered a bailey
  5590 | Bailey   | Noticed an orc knight
  5602 | Bailey   | Killed an orc knight
  5603 | Bailey   | Reached XP level 10. HP: 107/107 MP: 9/9
  5610 | Bailey   | Succumbed to their own poison gas

Illustrated notes

Levels and vault maps discovered:
D:1:      ncdulo_halloftheorcs, layout_rooms, minmay_tiny_reverse_x
D:2:      layout_loops_ring, guppyfry_early_lair_pool, uniq_jessica
D:3:      layout_basic, mainiacjoe_overflow_concentric_impassable, serial_shops,
          nicolae_shop_behind_doors, kennysheep_generic_room_2
D:4:      wad_river_or_something, layout_loops_ring,
          mainiacjoe_overflow_cross_hatched, serial_bayou,
          serial_bayou_crossing, serial_bayou_pond_a, serial_bayou_shore_b,
          serial_bayou_shore_a
D:5:      layout_rooms, mainiacjoe_overflow_catwalk, serial_shops,
          nicolae_shop_gaudy_bauble, nicolae_shop_statue_plus, shop,
          uniq_eustachio, uniq_sigmund, uniq_pikel
D:6:      layout_basic, minmay_temple_entry_drinking_statues,
          nicolae_shop_clearance
D:7:      layout_loops_ring, nicolae_overflow_crystal_walls,
          fedhas_ov_isle_minmay, mainiacjoe_overflow_brackets, serial_shops,
          nicolae_shop_rolled_up, enter_bailey_4,
          nicolae_kite_square_tiling_tiny, hangedman_decor_clover_reticule,
          uniq_prince_ribbit1, uniq_jeremiah
Temple:   oiseaux_autumnal_temple
Bailey:   bailey_axe_3, bailey

Skill      XL: |  1  2  3  4  5  6  7  8  9 |
---------------+----------------------------+-----
Unarmed Combat | 4 5 7 8 9 10 | 10.0
Fighting       | 6 9 |  9.6
Throwing       | |  1.7
Dodging        | |  2.4

Action                     |  1- 3 |  4- 6 |  7- 9 | 10-12 || total
---------------------------+-------+-------+-------+-------++-------
  Melee: Unarmed           |    79 |   125 |   194 |     6 ||   404
         Punch             |     2 |     5 |     6 |       ||    13
  Throw: Large rock        |       |     1 |     4 |       ||     5
         Dart              |       |       |    73 |       ||    73
         Boomerang         |       |       |    73 |       ||    73
         Throwing net      |       |       |     2 |       ||     2
  Evoke: Wand              |       |     1 |    11 |       ||    12
    Use: Scroll            |       |     6 |     8 |       ||    14
         Potion            |       |       |     2 |       ||     2
   Stab: Sleeping          |       |       |     2 |       ||     2
 Armour: Robe              |    48 |    51 |   119 |     3 ||   221
  Dodge: Dodged            |    41 |    44 |    87 |       ||   172
